 Dungeon Crawl Stone Soup version 0.14.1-1-g650416f (webtiles) character file.

681 tap556 the Covert (level 7, -5/45 HPs)
             Began as a Halfling Assassin on May 12, 2014.
             Was a Follower of Dithmenos.
             Killed by divine providence
             ... invoked by an orc priest
              (13 damage)
             ... on Level 4 of the Dungeon.
             The game lasted 00:20:13 (4120 turns).

tap556 the Covert (Halfling Assassin)               Turns: 4120, Time: 00:20:13

HP  -5/45        AC  5     Str  8      XL: 7   Next: 56%
MP   7/7         EV 21     Int 11      God: Dithmenos [*.....]
Gold 124         SH  0     Dex 25      Spells:  0 memorised,  6 levels left

rFire  . . .     SeeInvis .     a - +3,+2 dagger
rCold  . . .     Clarity  .     K - +0 leather armour
rNeg   . . .     Conserve .     (no shield)
rPois  .         rCorr    .     (no helmet)
rElec  .         rRot     .     d - +0 cloak
SustAb . .       Spirit   .     (no gloves)
rMut   .         Warding  .     q - +0 pair of boots (curse)
Saprov . . .     Stasis   +     p - amulet of stasis
MR     .....                    (no ring)
                                (no ring)

@: agile, wreathed by umbra, not resistant to hostile enchantments,
extraordinarily stealthy
A: mutation resistance 1, slow metabolism 1
a: Renounce Religion


You were on level 4 of the Dungeon.
You worshipped Dithmenos.
Dithmenos was aware of your devotion.
You were not hungry.

You visited 1 branch of the dungeon, and saw 4 of its levels.

You collected 124 gold pieces.

Inventory:

Hand weapons
 a - a +3,+2 dagger (weapon)
 b - a +0,+0 bow
 g - a +1 blowgun
 i - a +0,+0 dagger
 l - a +2,+0 short sword of protection
 n - a +0,+0 short sword
Missiles
 e - 43 poisoned needles
 f - 7 curare-tipped needles
 m - 21 darts (quivered)
 o - 19 arrows
 v - 2 silver darts
 A - a poisoned dart
Armour
 d - a +0 cloak (worn)
 q - a cursed +0 pair of boots (worn)
 y - a +0 robe
 K - a +0 leather armour (worn)
Comestibles
 r - a banana
 E - a choko
Scrolls
 h - a scroll of magic mapping
 t - a scroll of teleportation
 w - a scroll of remove curse {unknown}
 D - a scroll of fog {unknown}
 F - 2 scrolls of random uselessness {unknown}
 H - a scroll of recharging {unknown}
Jewellery
 c - a +5 ring of evasion {unknown}
 p - an amulet of stasis (around neck)
 s - a cursed ring of hunger
 C - an uncursed amulet of warding {unknown}
 I - a +4 ring of dexterity {unknown}
Potions
 k - a potion of restore abilities
Books
 z - a book of Death

   Spells                             Type                      Level
   Corpse Rot                         Necromancy                   2
   Sublimation of Blood               Necromancy                   2
   Agony                              Necromancy                   5
   Dispel Undead                      Necromancy                   5
   Excruciating Wounds                Charms/Necromancy            5
   Bolt of Draining                   Conjuration/Necromancy       5


   Skills:
 + Level 2.2 Fighting
 + Level 4.4 Short Blades
 + Level 4.5 Throwing
 + Level 1.7 Armour
 + Level 4.3 Dodging
 + Level 8.2 Stealth


You had 6 spell levels left.
You didn't know any spells.

Dungeon Overview and Level Annotations

Branches:
Dungeon (4/15)
 Temple: D:4-7

Altars:
Dithmenos
Elyvilon
Okawaru


Innate Abilities, Weirdness & Mutations

You are small and have problems with some larger weapons.
You are somewhat resistant to further mutation.
You have a slow metabolism.


Message History

The worker ant bites you.
* * * LOW HITPOINT WARNING * * *
You are poisoned.
The worker ant poisons you!
You hit the worker ant.
The worker ant is severely wounded.
You feel sick.
Drink which item? (? for menu, Esc to quit)
You feel better.
The worker ant bites you but does no damage.
The orc priest calls down the wrath of Beogh upon you.
Something smites you!
* * * LOW HITPOINT WARNING * * *
The worker ant misses you.
Drink which item? (? for menu, Esc to quit)
You feel agile all of a sudden. The worker ant completely misses you.
The orc priest invokes the aid of Beogh against you.
Something smites you!
You die...

#..<.......##########.####
#..
#........................#
#.#
#..........#######.#####.#
#.# ###.......## #####.#
#.# #......## #.....# #.#
##.###.# #.###.# #.# #.#
#.# #.# #.# #.# #.# #.#
#.# #.. #.# #.# #.# ##@#
#### #.. #.# #.# #..# ###
#.# #a## #. #[# . #o#
.######## .o. .........
.(. #.####### .>..( #####
..... #....


You could see a worker ant, an orc priest and an orc.

Vanquished Creatures
  A hill giant (D:3)
  2 ogres
  A centaur (D:4)
  Sigmund (D:2)
  A scorpion (D:4)
  A giant frog skeleton (D:3)
  Natasha (D:3)
  An orc wizard (D:3)
  A worker ant (D:4)
  Ijyb (D:2)
  Jessica (D:2)
  4 adders
  A giant mite (D:2)
  An inept feature mimic (D:2)
  4 giant geckos
  2 oozes
  5 orcs
  7 bats
  5 goblins
  9 hobgoblins
  4 jackals (D:1)
  15 kobolds
  2 quokkas (D:4)
  4 giant cockroaches
  9 giant newts
  13 rats
  A plant (D:2)
98 creatures vanquished.

Notes
Turn   | Place    | Note
--------------------------------------------------------------
     0 | D:1      | tap556, the Halfling Assassin, began the quest for the Orb.
     0 | D:1      | Reached XP level 1. HP: 14/14 MP: 1/1
   229 | D:1      | Reached XP level 2. HP: 17/19 MP: 2/2
   259 | D:1      | Reached skill level 6 in Stealth
   813 | D:1      | Reached XP level 3. HP: 20/24 MP: 3/3
   891 | D:2      | Found an iron altar of Okawaru.
   897 | D:2      | Became a worshipper of Warmaster Okawaru
   936 | D:2      | Found a white marble altar of Elyvilon.
  1053 | D:2      | Noticed Sigmund
  1083 | D:2      | Killed Sigmund
  1083 | D:2      | Reached XP level 4. HP: 29/29 MP: 4/4
  1083 | D:2      | Reached XP level 5. HP: 34/34 MP: 5/5
  1315 | D:2      | Noticed Ijyb
  1330 | D:2      | Killed Ijyb
  1330 | D:2      | Acquired Okawaru's first power
  1330 | D:2      | Reached skill level 7 in Stealth
  1412 | D:2      | Noticed Jessica
  1416 | D:2      | Killed Jessica
  1976 | D:3      | Found a shadowy altar of Dithmenos.
  1990 | D:3      | Fell from the grace of Okawaru
  1990 | D:3      | Became a worshipper of Dithmenos the Shadowed
  2007 | D:3      | Reached XP level 6. HP: 39/39 MP: 6/6
  2023 | D:3      | Noticed Natasha
  2027 | D:3      | Killed Natasha
  2852 | D:3      | Noticed a hill giant
  2895 | D:3      | Killed a hill giant
  3464 | D:4      | Reached skill level 1 in Armour
  3505 | D:4      | Reached XP level 7. HP: 18/45 MP: 7/7
  3887 | D:4      | Reached skill level 8 in Stealth
  4120 | D:4      | Killed from afar by an orc priest

Action                   |  1- 3 |  4- 6 |  7- 9 || total
-------------------------+-------+-------+-------++-------
Melee: Dagger            |    63 |   362 |    72 ||   497
 Fire: Blowgun           |     8 |    16 |       ||    24
Throw: Dart              |    13 |    26 |     8 ||    47
  Use: Scroll            |     5 |     2 |       ||     7
       Potion            |       |     8 |     2 ||    10
 Stab: Sleeping          |     4 |    13 |     6 ||    23
